 Dungeon Crawl Stone Soup version 0.30-a0-852-g08b95dd62f (webtiles) character file.

Game seed: 13453558969450719605

242 holysushi the Insei (level 5, -1/39 (41) HPs)
             Began as a Demonspawn Monk on Mar 4, 2023.
             Was an Initiate of Gozag.
             Slain by a wight
             ... wielding a +2 halberd of freezing
              (5 damage)
             ... on level 4 of the Dungeon.
             The game lasted 00:02:59 (3502 turns).

holysushi the Insei (Demonspawn Monk)               Turns: 3502, Time: 00:03:00

HP:   -1/39 (41)    AC:  6    Str: 12    XL:     5   Next: 82%
MP:   5/5           EV: 11    Int: 11    God:    Gozag
Gold: 296           SH:  0    Dex: 17    Spells: 4/4 levels left

rFire   . . .      SeeInvis .      - Unarmed
rCold   . . .      Faith    .    (no shield)
rNeg    . . .      Spirit   .    n - +0 ring mail
rPois   .          Reflect  .    q - +0 helmet
rElec   .          Rampage  .    (no cloak)
rCorr   .                        (no gloves)
Will    .....                    (no boots)
Stlth   +                        (no amulet)
HPRegen 0.26/turn                (no ring)
MPRegen 0.09/turn                (no ring)

@: lightly drained
A: claws 2, powered by pain 1
a: Renounce Religion, Potion Petition, Call Merchant, Bribe Branch


You were on level 4 of the Dungeon.
You worshipped Gozag.
Gozag was aware of your devotion.
You visited 1 branch of the dungeon, and saw 4 of its levels.

You collected 296 gold pieces.

Inventory:

Armour
 b - a +0 robe
 n - a +0 ring mail (worn)
 q - a +0 helmet (worn)
Wands
 p - a wand of roots (9)
Scrolls
 d - 4 scrolls of identify {unknown}
 g - a scroll of teleportation {unknown}
 h - a scroll of noise {unknown}
 i - 2 scrolls of enchant armour {unknown}
 j - a scroll of enchant weapon {unknown}
 l - a scroll of summoning {unknown}
 r - a scroll of vulnerability {unknown}
Potions
 a - a potion of flight {unknown}
 e - 2 potions of haste {unknown}
 f - 2 potions of lignification {unknown}
 k - 2 potions of brilliance {unknown}
 m - a potion of mutation {unknown}
 o - 2 potions of heal wounds {unknown}


   Skills:
 - Level 3.0 Fighting
 - Level 3.2 Short Blades
 - Level 2.6 Dodging
 - Level 1.7 Stealth
 + Level 4.9 Unarmed Combat


You had 4 spell levels left.
You didn't know any spells.
Your spell library contained the following spells:

 Spells                   Type           Power      Damage    Failure   Level
 Lesser Beckoning         Tloc           0%         N/A       77%         2
 Gell's Gravitas          Tloc           0%         N/A       94%         3
 Teleport Other           Tloc           0%         N/A       94%         3


Dungeon Overview and Level Annotations

Branches:
Dungeon (4/15) Zot: 20511
 Temple: D:4-7

Altars:
Gozag


Innate Abilities, Weirdness & Mutations

You have very sharp fingernails.
You sometimes gain a little power by taking damage.


Message History

You kill the scorpion!
You feel sick.
You feel sick.
You are no longer poisoned.
You now have 296 gold pieces (gained 5).
You start resting.
HP restored.
Found 5 stones.
o - 2 lumpy coppery potions (gained 1)
You open the door.
There is an open door here.
There is an open door here.
You see here 5 stones.
You open the door.
Found 5 poisoned darts.
There is an open door here.
You open the door.
A wight comes into view.
It is wielding a +2 halberd of freezing.
The wight hits you from afar with a +2 halberd of freezing.
The wight freezes you.
A wight is nearby!
A wight is nearby!
A wight is nearby!
The wight barely misses you.
There is an open door here.
You barely miss the wight.
The wight hits you with a +2 halberd of freezing!
The wight freezes you.
You are too injured to fight recklessly!
You scratch the wight.
The wight is lightly damaged.
The wight hits you with a +2 halberd of freezing.
The wight freezes you.
You scratch the wight.
The wight is heavily damaged.
The wight hits you with a +2 halberd of freezing!
* * * LOW HITPOINT WARNING * * *
You feel drained.
You die...
Your body crumbles into a pile of gold.

### #z#
#####@#+#+#+#
#..'....(....
#.###+#+#+#+# #.8#
#.## #..# ....
####### ##.###....
#.....#####........
#........(.........


You could see a wight.

Vanquished Creatures
  A scorpion (D:4)
  An orc priest (D:4)
  An iguana (D:3)
  An orc wizard (D:4)
  Robin (D:3)
  An adder (D:2)
  2 worms (D:2)
  4 dart slugs
  4 orcs
  4 ball pythons
  3 endoplasms (D:3)
  A giant cockroach (D:4)
  16 goblins
  10 hobgoblins
  2 quokkas
  5 bats
  A frilled lizard (D:3)
  4 kobolds
  6 rats
68 creatures vanquished.

Notes
Turn   | Place    | Note
-------+----------+-------------------------------------------
     0 | D:1      | holysushi the Demonspawn Monk began the quest for the Orb.
     0 | D:1      | Reached XP level 1. HP: 18/18 MP: 1/1
   154 | D:1      | Discovered your monstrous ancestry.
   154 | D:1      | Gained mutation: You have sharp fingernails. [demonic
                  | ancestry]
   154 | D:1      | Reached XP level 2. HP: 23/24 MP: 2/2
   684 | D:1      | Reached skill level 1 in Unarmed Combat
   892 | D:2      | Reached XP level 3. HP: 21/29 MP: 3/3
  1263 | D:2      | Reached skill level 2 in Unarmed Combat
  1980 | D:3      | Found an opulent altar of Gozag.
  1989 | D:3      | Became a worshipper of Gozag Ym Sagoz the Greedy
  2095 | D:3      | Noticed Robin
  2328 | D:3      | Gained mutation: You sometimes gain a little power by
                  | taking damage. [demonic ancestry]
  2328 | D:3      | Reached XP level 4. HP: 30/35 MP: 4/4
  2351 | D:3      | Killed Robin
  2352 | D:3      | Reached skill level 3 in Unarmed Combat
  3228 | D:4      | Reached skill level 4 in Unarmed Combat
  3228 | D:4      | Gained mutation: You have very sharp fingernails. [demonic
                  | ancestry]
  3228 | D:4      | Reached XP level 5. HP: 20/41 MP: 5/5
  3502 | D:4      | Slain by a wight

Illustrated notes

Levels and vault maps discovered:
D:1:      eino_arrival_cavern_a, layout_basic, kennysheep_another_room
D:2:      layout_loops_corners, corexii_leaking_fountain
D:3:      wad_pebble_path, layout_loops_corners, nicolae_gozag_seed_capital,
          uniq_robin
D:4:      layout_gridville, kennysheep_mini, okawaru_metal_pillars_3,
          lemuel_mausoleum_altar_kikubaaqudgha

Skill      XL: |  1  2  3  4 |
---------------+-------------+-----
Short Blades   | 3 |  3.2
Unarmed Combat | 1 2 4 |  4.9
Fighting       | |  3.0
Dodging        | |  2.6
Stealth        | |  1.7

Action                     |  1- 3 |  4- 6 || total
---------------------------+-------+-------++-------
  Melee: Short sword       |    20 |       ||    20
         Punch             |     2 |     6 ||     8
         Unarmed           |   132 |   105 ||   237
    Use: Potion            |       |     2 ||     2
   Stab: Sleeping          |     4 |     1 ||     5
 Armour: Robe              |    15 |       ||    15
         Ring mail         |    18 |    35 ||    53
  Dodge: Dodged            |    88 |    50 ||   138

Table legend: (Time is in decaauts)
 A = Elapsed time spent in this place.
 B = Non-inter-level travel time spent in this place.
 C = Inter-level travel time spent in this place.
 D = Time resting spent in this place.
 E = Time spent auto-exploring this place.
 F = Levels seen in this place.
 G = Mean time per level.
                   A        B        C        D        E       F      G
               +--------+--------+--------+--------+--------+-----+--------+
         Total |   3487 |   3332 |    155 |    238 |   2432 |   4 |  871.8 |
       Dungeon |   3487 |   3332 |    155 |    238 |   2432 |   4 |  871.8 |
               +--------+--------+--------+--------+--------+-----+--------+

Top non-repeatable levels by time:
     D:3: 1254 daAuts
     D:2: 1097 daAuts
     D:1: 853 daAuts
     D:4: 281 daAuts
